 Dungeon Sprint DCSS version 0.22-a0-32-ga749362 (webtiles) character file.

378 Faca the Quickloader (level 6, -3/56 HPs)
             Began as a Barachi Hunter on Jan 3, 2018.
             Was a Follower of Cheibriados.
             Slain by a merfolk
             ... wielding a +0 trident
              (14 damage)
             ... in the Dungeon (Sprint V: "Ziggurat Sprint").
             The game lasted 00:04:21 (98 turns).

Faca the Quickloader (Barachi Hunter)                 Turns: 98, Time: 00:04:22

Health: -3/56      AC: 15    Str: 23    XL:     6   Next: 74%
Magic:  6/6        EV: 10    Int: 14    God:    Cheibriados [*.....]
Gold:   0          SH:  0    Dex: 23    Spells: 5/5 levels left

rFire    . . .     SeeInvis +   H - +9 heavy crossbow "Sniper" {velocity, Acc+∞ SInv}
rCold    . . .     Gourm    .   (shield currently unavailable)
rNeg     . . .     Faith    .   l - +5 shadow dragon scales
rPois    .         Spirit   .   (no helmet)
rElec    .         Reflect  .   (no cloak)
rCorr    .         Harm     .   (no gloves)
MR       .....     NoTele   +   (no boots)
Stlth    ++++......             (no amulet)
HPRegen  0.18/turn              B - +6 ring of dexterity
MPRegen  0.10/turn              F - +6 ring of strength

@: very slow
A: +LOS, swims, slowness 1, strong legs 1
a: Hop, Bend Time, Renounce Religion


You were in the Dungeon.
You worshipped Cheibriados.
Cheibriados was aware of your devotion.
You were not hungry.

You visited 1 branch

Inventory:

Hand Weapons
 H - the +9 heavy crossbow "Sniper" (weapon) {velocity, Acc+∞ SInv}
   (You found it in the Dungeon)

   Any bolt fired from it inflicts extra damage.
   It lets you see invisible.
 J - the +9 sword of Zonguldrok {reap}
   (You found it in the Dungeon)

   If a monster killed with it leaves a corpse in good enough shape, the corpse
   will be animated as a zombie friendly to the killer.
Missiles
 d - 1016 bolts (quivered)
Armour
 l - +5 shadow dragon scales (worn)
 I - the +15 Maxwell's patent armour {-Cast -Tele rElec MR+ rCorr}
   (You found it in the Dungeon)

   It insulates you from electricity.
   It affects your resistance to hostile enchantments.
   It prevents spellcasting.
   It prevents most forms of teleportation.
   It protects you from acid and corrosion.
Jewellery
 B - a +6 ring of dexterity (left hand)
 C - a +6 ring of dexterity
 D - a +6 ring of intelligence
 E - a +6 ring of intelligence
 F - a +6 ring of strength (right hand)
 G - a +6 ring of strength
Wands
 y - a wand of disintegration (7)
 z - a wand of iceblast (7)
 A - a wand of acid (7)
Scrolls
 k - 4 scrolls of blinking
 s - 4 scrolls of amnesia
 t - 7 scrolls of fog
 u - a scroll of holy word
 v - 5 scrolls of identify
 w - 5 scrolls of remove curse
 x - 2 scrolls of fear
Potions
 e - 10 potions of curing
 g - 10 potions of heal wounds
 i - 7 potions of magic
 m - 2 potions of brilliance
 n - 2 potions of invisibility
 o - 4 potions of resistance
 q - 5 potions of agility
 r - 5 potions of might
Comestibles
 f - 7 rations


   Skills:
 + Level 7.8 Fighting
 + Level 12.3 Crossbows
 + Level 4.0 Dodging
 * Level 3.7 Stealth


You had 5 spell levels left.
You didn't know any spells.

Dungeon Overview and Level Annotations

Branches:
Dungeon (1/1)

Altars:
Ashenzari
Cheibriados
Dithmenos
Elyvilon
Fedhas
Gozag
Hepliaklqana
Kikubaaqudgha
Makhleb
Nemelex Xobeh
Okawaru
Qazlal
Ru
Sif Muna
Trog
Uskayaw
Vehumet
Wu Jian
Xom
Yredelemnul
Zin
The Shining One
Beogh
Jiyva
Lugonu

Annotations:
D 1 transporter


Innate Abilities, Weirdness & Mutations

Shadows flee at your approach. (+LOS)
You can swim through water.
You cover ground slowly.
You can hop short distances.


Message History

* * * LOW HITPOINT WARNING * * *
Firing (i - inventory):
d - 1017 bolts (quivered)
Press: ? - help, Shift-Dir - straight line, f/p - merfolk
Aim: a merfolk, wielding a trident (almost dead)
You shoot a bolt. The bolt hits the merfolk!!!
You kill the merfolk!
Cheibriados appreciates the change of pace.
Cheibriados raises the support of your attributes as your movement slows.
Your Crossbows skill gained 2 levels and is now at level 12!
Your Dodging skill increases to level 4!
Your Stealth skill gained 2 levels and is now at level 3!
You have reached level 6!
Your experience leads to an increase in your attributes!
Your base attributes are Str 14, Int 11, Dex 13.
Increase (S)trength, (I)ntelligence, or (D)exterity?
You feel agile. The merfolk closely misses you. The merfolk barely misses you.
The merfolk hits you but does no damage.
The merfolk hits you from afar with a trident!
You die...

▓▓▓▓▓▓▓▓▓▓▓▓▓
▓.8©8.▓.8©8.▓
▓.(:}.▓.....▓
▓.....▓.).[.▓
▓.....▓..[..▓
▓.)mm.▓.....▓
▓.....▓..©..▓
▓..@..▓▓▓▓▓▓▓
▓▓▓▓▓▓▓


You could see 2 merfolk.

Vanquished Creatures
  A merfolk (D)
  Sigmund (D)
  Jessica (D)
3 creatures vanquished.

Notes
Turn   | Place    | Note
-------+----------+-------------------------------------------
     0 | D        | Found the +6 Majin-Bo {vamp, Archmagi MP+6 Int+6}
     0 | D        | Found the +7 great mace "Firestarter" {inner flame, rF++}
     0 | D        | Faca the Barachi Hunter began the quest for the Orb.
     0 | D        | Reached XP level 1. HP: 17/17 MP: 1/1
     3 | D        | Found a viscous altar of Jiyva.
     3 | D        | Found a hazy altar of Hepliaklqana.
     3 | D        | Found a transporter.
     3 | D        | Found an opulent altar of Gozag.
     3 | D        | Found an ancient bone altar of Kikubaaqudgha.
     3 | D        | Found a corrupted altar of Lugonu.
     4 | D        | Found a burning altar of Makhleb.
    23 | D        | Found the +6 shillelagh "Devastator" {shatter}
    23 | D        | Found the +11 plutonium sword {*Contam Stlth-}
    23 | D        | Found the +8 lance "Wyrmbane" {slay drac, rPois rF+ rC+ AC+3}
    23 | D        | Found the +9 sword of Zonguldrok {reap}
    23 | D        | Found the cursed +13 scythe of Curses {drain, *Curse}
    23 | D        | Found the +0 sword of Power
    23 | D        | Found the +14 mace of Variability {chaos}
    23 | D        | Found the +7 Singing Sword
    23 | D        | Found the +7 longbow "Piercer" {penet, EV-2}
    24 | D        | Found the +9 heavy crossbow "Sniper" {velocity, Acc+∞ SInv}
    24 | D        | Found the +10 dark maul {crush}
    24 | D        | Found the +15 Maxwell's patent armour {-Cast -Tele rElec MR+ rCorr}
    24 | D        | Found the +18 shield of the Gong {rElec rN+ MR+ EV-5}
    24 | D        | Found the cursed +14 obsidian axe {chop, +Fly SInv *Curse}
    57 | D        | Became a worshipper of Cheibriados the Contemplative
    79 | D        | Reached skill level 6 in Crossbows
    79 | D        | Reached XP level 2. HP: 29/29 MP: 2/2
    82 | D        | Entered arena 2.
    82 | D        | Noticed Sigmund
    82 | D        | Noticed Jessica
    82 | D        | Found a transporter.
    83 | D        | Killed Sigmund
    83 | D        | Reached skill level 10 in Crossbows
    83 | D        | Reached skill level 1 in Stealth
    83 | D        | Reached XP level 3. HP: 36/36 MP: 3/3
    83 | D        | Reached XP level 4. HP: 43/43 MP: 4/4
    83 | D        | Reached XP level 5. HP: 48/48 MP: 5/5
    84 | D        | Killed Jessica
    84 | D        | Reached * piety under Cheibriados
    94 | D        | Entered arena 3.
    94 | D        | Noticed a merfolk
    94 | D        | Noticed a merfolk
    94 | D        | Noticed a merfolk
    94 | D        | Found a transporter.
    98 | D        | Killed a merfolk
    98 | D        | Reached skill level 12 in Crossbows
    98 | D        | Reached XP level 6. HP: 10/56 MP: 6/6
    98 | D        | Slain by a merfolk

Vault maps used:
D:        sprint_v

Skill      XL: |  1  2  3  4  5 |
---------------+----------------+-----
Fighting       | 6 7 |  7.8
Crossbows      | 6 10 12 | 12.3
Dodging        | 3 4 |  4.0
Stealth        | 1 3 |  3.7

Action                   |  1- 3 |  4- 6 || total
-------------------------+-------+-------++-------
 Fire: Heavy crossbow    |     1 |     5 ||     6
  Use: Potion            |     1 |       ||     1
Armor: Shadow dragon sca |       |     2 ||     2
Dodge: Dodged            |       |     4 ||     4

Table legend:
 A = Spawn XP
 B = Non-spawn XP
 C = Spawn XP percentage of total XP
 D = Spawn monster count
 E = Non-spawn monster count
 F = Spawn count percentage of total count
 G = Total turns spent on level
                    A         B        C        D         E        F      G
               +---------+---------+-------+---------+---------+-------+---------
         Total |       0 |     531 |   0.0 |       0 |       3 |   0.0 |    98
               +---------+---------+-------+---------+---------+-------+---------
             D |       0 |     531 |   0.0 |       0 |       3 |   0.0 |    98
               +---------+---------+-------+---------+---------+-------+---------
